 Dungeon Crawl Stone Soup version 0.30-a0-304-gdc4b735fe1 (webtiles) character file.

Game seed: 7566011141981713303

3496 MrRokkomies the Covert (level 9, 0/86 HPs)
             Began as an Armataur Delver on Oct 19, 2022.
             Was a Priest of Dithmenos.
             Slain by an orc wizard
             ... wielding a +3 dagger of electrocution
              (10 damage)
             ... on level 7 of the Dungeon on Oct 20, 2022.
             The game lasted 00:25:25 (7773 turns).

MrRokkomies the Covert (Armataur Delver)            Turns: 7773, Time: 00:25:25

Health: 0/86       AC:  7    Str: 22    XL:     9   Next: 80%
Magic:  0/9        EV: 15    Int: 11    God:    Dithmenos [***...]
Gold:   355        SH:  0    Dex: 16    Spells: 8/8 levels left

rFire   . . .      SeeInvis .    a - +0 dagger (elec)
rCold   . . .      Faith    .    (no shield)
rNeg    . . .      Spirit   +    C - +2 leather armour of the Known World {rPois Str+3 Dex-4}
rPois   +          Reflect  .    (no helmet)
rElec   .          Harm     .    v - scarf {shadows}
rCorr   .          Roll     +    l - +0 pair of gloves
Will    .....                    (no barding)
Stlth   +++++.....               s - amulet of guardian spirit
HPRegen 0.34/turn                e - ring "Cobrau" {EV+4 Str+2 Dex+4}
MPRegen 0.11/turn                (no ring)

@: wreathed by umbra
A: large, rugged brown scales 3, deformed body, armoured tail, roll, long
tongue, awkward tongue
a: Renounce Religion, Shadow Step


You were on level 7 of the Dungeon.
You worshipped Dithmenos.
Dithmenos was most pleased with you.
You visited 2 branches of the dungeon, and saw 8 of its levels.

You collected 355 gold pieces.

Inventory:

Hand Weapons
 a - a +0 dagger of electrocution (weapon)
 h - a +1 short sword
 i - a +0 arbalest
 j - a +1 whip of holy wrath
Missiles
 u - 5 atropa-tipped darts
 w - 6 boomerangs (quivered)
 z - 3 throwing nets
 F - 9 poisoned darts
Armour
 b - a +1 leather armour
 l - a +0 pair of gloves (worn)
 o - a +0 ring mail of cold resistance
 v - a scarf of shadows (worn)
 A - a +2 cloak
 C - the +2 leather armour of the Known World (worn) {rPois Str+3 Dex-4}
   (You found it on level 7 of the Dungeon)

   Str:       It affects your strength (+3).
   Dex:       It affects your dexterity (-4).
   rPois:     It protects you from poison.
Jewellery
 e - the ring "Cobrau" (left hand) {EV+4 Str+2 Dex+4}
   (You acquired it on level 2 of the Dungeon)

   [ring of evasion]

   EV:        It affects your evasion (+4).
   Str:       It affects your strength (+2).
   Dex:       It affects your dexterity (+4).
 n - a +4 ring of evasion
 s - an amulet of guardian spirit (around neck)
Wands
 g - a wand of digging (7)
 y - a wand of light (4)
 D - a wand of flame (15)
 E - a wand of polymorph (4)
Scrolls
 d - 2 scrolls of summoning
 k - 2 scrolls of magic mapping
 q - a scroll of enchant armour
 x - a scroll of teleportation
 G - a scroll of blinking
Potions
 f - 3 potions of degeneration {unknown}
 m - 3 potions of mutation {unknown}
 p - 4 potions of attraction
 r - a potion of resistance
 t - 2 potions of might {unknown}
 B - 2 potions of magic


   Skills:
 * Level 7.9 Fighting
 * Level 7.6 Short Blades
 + Level 4.5 Dodging
 + Level 8.8 Stealth


You had 8 spell levels left.
You didn't know any spells.
Your spell library contained the following spells:

 Spells                   Type           Power      Damage    Failure   Level
 Beastly Appendage        Tmut           0%         N/A       38%         1
 Sandblast                Erth           0%         2d4       38%         1
 Ensorcelled Hibernation  Hex/Ice        0%         N/A       52%         2
 Wereblood                Tmut           0%         N/A       52%         2
 Call Canine Familiar     Summ           0%         N/A       77%         3
 Gell's Gravitas          Tloc           0%         N/A       77%         3
 Ignite Poison            Fire/Tmut/Pois 0%         N/A       77%         3
 Inner Flame              Hex/Fire       0%         N/A       77%         3
 Lesser Beckoning         Tloc           0%         N/A       77%         3
 Portal Projectile        Hex/Tloc       0%         N/A       77%         3
 Spider Form              Tmut/Pois      0%         N/A       77%         3
 Teleport Other           Tloc           0%         N/A       77%         3
 Anguish                  Hex/Necr       0%         N/A       99%         4
 Cause Fear               Hex            0%         N/A       99%         4
 Leda's Liquefaction      Hex/Erth       0%         N/A       99%         4
 Alistair's Intoxication  Tmut/Pois      0%         N/A       100%        5
 Summon Forest            Summ/Tloc      0%         N/A       100%        5
 Summon Mana Viper        Hex/Summ       0%         N/A       100%        5
 Summon Cactus Giant      Summ           0%         N/A       100%        6
 Discord                  Hex            0%         N/A       100%        8


Dungeon Overview and Level Annotations

Branches:
Dungeon (7/15)             Temple (1/1) D:4

Altars:
Dithmenos
Kikubaaqudgha
Makhleb
Ru
Vehumet
Yredelemnul
Zin
The Shining One

Shops:
D:2 =[


Innate Abilities, Weirdness & Mutations

You are completely covered in rugged brown scales. (AC +3, +7% HP)
Armour fits poorly on your strangely shaped body.
You have a long armoured tail.
You roll when moving toward enemies. (Rampage)
Your long tongue fully drains potion bottles. (2x potion effects)
Your tongue gives you trouble enunciating. (1.5x scroll delay)


Message History

You miss something. You tail-slap something. The orc closely misses you.
Something completely misses you.
You hear some strange, mumbled words.
A puff of flame appears from out of thin air!
The puff of flame hits you!
* * * LOW HITPOINT WARNING * * *
You hit something. Something barely misses you.
Something hits you but does no damage.
You hit something but do no damage.
Your tail-slap misses something.
You closely miss something.
Your tail-slap misses something.
Something hits you.
* * * LOW HITPOINT WARNING * * *
Something hits you.
* * * LOW HITPOINT WARNING * * *
You miss something. You hit something.
Your tail-slap misses something.
Something hits you.
* * * LOW HITPOINT WARNING * * *
Something hits you.
* * * LOW HITPOINT WARNING * * *
Something barely misses you.
As you slowly read the scroll of fog, it crumbles to dust.
The scroll dissolves into smoke.
Something hits you but does no damage.
You hear some strange, mumbled words.
A puff of flame appears from out of thin air!
The puff of flame hits you.
* * * LOW HITPOINT WARNING * * *
Something barely misses you.
You hear some strange, mumbled words.
A magic dart appears from out of thin air!
The magic dart hits you.
* * * LOW HITPOINT WARNING * * *
Something hits you but does no damage. Something barely misses you.
Okay, then.
Unknown command.
You slurp down every last drop of the 3 potions of magic!
Magic courses through your body. Something closely misses you.
Something hits you.
* * * LOW HITPOINT WARNING * * *
You are electrocuted!!
You die...

# #......## .⌠... ##...##
####......## ##.....#
...........#########.....##
........?...............##
.......................##
......#............###.#
......##......§§.§§.####
......#.......§§{{§..#
......#.......§§@{o.##
.#......§###)## ..........#
..........# ............#
#............#
#...........##
............# ......#..#.##


You could see an orc.

Vanquished Creatures
  Grinder (D:4)
  A wyvern (D:7)
  A steam dragon (D:6)
  Duvessa (D:5)
  2 sky beasts (D:7)
  An ice beast (D:5)
  3 black bears
  2 ogres
  2 orc warriors
  3 phantoms
  A kobold brigand (D:7)
  2 gnoll sergeants
  2 bullfrogs (D:6)
  Dowan (D:5)
  3 wights (D:7)
  A killer bee (D:6)
  3 quasits (D:5)
  2 hounds (D:7)
  2 orc priests
  2 gnoll boudas
  An iguana (D:5)
  9 orc wizards
  Ijyb (D:5)
  25 gnolls
  6 adders
  2 white imps
  4 ufetubi
  A worm (D:2)
  4 dart slugs
  27 orcs
  4 endoplasms
  7 giant cockroaches
  7 goblins
  6 hobgoblins
  10 jackals
  10 kobolds
  7 quokkas
  3 ball pythons
  3 bats
  2 frilled lizards (D:1)
  3 rats
178 creatures vanquished.

Vanquished Creatures (collateral kills)
  Menkaure (D:5)
  Edmund (D:5)
2 creatures vanquished.

Grand Total: 180 creatures vanquished

Notes
Turn   | Place    | Note
-------+----------+-------------------------------------------
     0 | D:5      | MrRokkomies the Armataur Delver began the quest for the
                  | Orb.
     0 | D:5      | Reached XP level 1. HP: 19/19 MP: 1/1
    10 | D:5      | Noticed Duvessa
    10 | D:5      | Noticed Dowan
    51 | D:5      | Noticed a phantom
    67 | D:5      | Noticed a quasit
    67 | D:5      | Noticed Menkaure
   242 | D:1      | Reached XP level 2. HP: 26/26 MP: 2/2
  1052 | D:2      | Reached XP level 3. HP: 33/33 MP: 3/3
  1335 | D:2      | Found Erereoli's Antique Armour Boutique.
  1445 | D:2      | Found Fedykal's Jewellery Boutique.
  1475 | D:2      | Found a faded altar of an unknown god.
  1486 | D:2      | Got Plato's Precepts of Minerals
  1820 | D:3      | Reached XP level 4. HP: 28/40 MP: 4/4
  1955 | D:2      | Identified a scroll of acquirement
  1955 | D:2      | Acquired the ring "Cobrau" {EV+4 Str+2 Dex+4}
  2124 | D:3      | Reached skill level 6 in Stealth
  2716 | D:4      | Found a staircase to the Ecumenical Temple.
  2727 | Temple   | Entered the Ecumenical Temple
  2735 | Temple   | Became a worshipper of Dithmenos the Shadowed
  2889 | D:4      | Reached XP level 5. HP: 48/48 MP: 5/5
  3013 | D:4      | Found a burning altar of Makhleb.
  3017 | D:4      | Noticed a cacodemon
  3018 | D:4      | Found a glowing silver altar of Zin.
  3019 | D:4      | Noticed an angel
  3176 | D:4      | Noticed Grinder
  3192 | D:4      | Paralysed by Grinder for 4 turns
  3206 | D:4      | Killed Grinder
  3207 | D:4      | Reached XP level 6. HP: 25/56 MP: 6/6
  3619 | D:4      | Reached * piety under Dithmenos
  3819 | D:5      | Reached XP level 7. HP: 30/64 MP: 7/7
  3985 | D:5      | Noticed Edmund
  4036 | D:5      | Killed Edmund
  4040 | D:5      | Killed Menkaure
  4041 | D:5      | Reached skill level 5 in Fighting
  4101 | D:5      | Reached skill level 7 in Stealth
  4316 | D:4      | Upgraded the game from 0.30-a0-297-g0ec75d9ef4 to
                  | 0.30-a0-304-gdc4b735fe1
  4327 | D:4      | Reached skill level 5 in Short Blades
  4504 | D:5      | Killed Duvessa
  4505 | D:5      | Reached XP level 8. HP: 58/73 MP: 5/8
  4513 | D:5      | Killed Dowan
  4751 | D:5      | Found a radiant altar of Vehumet.
  4775 | D:5      | Found a glowing golden altar of the Shining One.
  4827 | D:5      | Noticed Ijyb
  4844 | D:5      | Killed Ijyb
  5415 | D:6      | Reached ** piety under Dithmenos
  5606 | D:6      | Reached skill level 8 in Stealth
  5606 | D:6      | Reached XP level 9. HP: 65/83 MP: 2/9
  7106 | D:7      | Reached *** piety under Dithmenos
  7347 | D:7      | Got Sif Muna's Treatise on Intoxication
  7598 | D:7      | Identified the +2 leather armour of the Known World {rPois
                  | Str+3 Dex-4}
  7773 | D:7      | Slain by an orc wizard

Illustrated notes

Levels and vault maps discovered:
D:1:      eino_arrival_druids_welcome, layout_basic,
          chequers_serial_rivers_micro_c, minivault_27
D:2:      layout_loops_cross, serial_shops, nicolae_shop_stone,
          nicolae_shop_waterfront, shapermc_ecumenical_altar_rom_forum
D:3:      layout_basic
D:4:      layout_rooms, grunt_temple_overflow_order_and_chaos_2, temple_hall,
          uniq_grinder
D:5:      layout_cave_pools, mainiacjoe_overflow_swirl, serial_demonic,
          serial_demonic_b, serial_demonic_d, serial_demonic_a,
          serial_demonic_d, gup_sewer_entry_pipe, hellmonk_bongcloud_opening,
          kennysheep_cluttered_room, uniq_menkaure, uniq_ijyb, uniq_edmund,
          uniq_duvessa
D:6:      layout_cave_pods
D:7:      layout_cave_pools, serial_gnoll_camp, gnoll_camp_medium_02,
          grums_kennel, gnoll_camp_mini_hut, gnoll_camp_medium_01
Temple:   regret_index_temple_chain_breaker

Skill      XL: |  1  2  3  4  5  6  7  8  9 |
---------------+----------------------------+-----
Short Blades   | 2 3 4 5 6 7 |  7.6
Fighting       | 3 4 5 6 7 |  7.9
Dodging        | 2 3 4 |  4.5
Stealth        | 6 7 8 |  8.8

Action                   |  1- 3 |  4- 6 |  7- 9 || total
-------------------------+-------+-------+-------++-------
Melee: Short sword       |   126 |   190 |   113 ||   429
       Tailslap          |    12 |    27 |    88 ||   127
       Punch             |       |     1 |    13 ||    14
       Dagger            |       |       |   415 ||   415
Throw: Dart              |       |       |     4 ||     4
Evoke: Wand              |       |       |     3 ||     3
  Use: Scroll            |     2 |    13 |     9 ||    24
       Potion            |     1 |     2 |     6 ||     9
 Stab: Sleeping          |    11 |     4 |    17 ||    32
       Distracted        |       |     1 |       ||     1
       Invisible         |       |       |     4 ||     4
Armor: Leather armour    |    44 |    27 |    15 ||    86
       Ring mail         |       |    17 |   128 ||   145
Dodge: Dodged            |    49 |   150 |   347 ||   546

Table legend: (Time is in decaauts)
 A = Elapsed time spent in this place.
 B = Non-inter-level travel time spent in this place.
 C = Inter-level travel time spent in this place.
 D = Time resting spent in this place.
 E = Time spent auto-exploring this place.
 F = Levels seen in this place.
 G = Mean time per level.
                   A        B        C        D        E       F      G
               +--------+--------+--------+--------+--------+-----+--------+
         Total |   7555 |   7367 |    188 |   1773 |   4087 |   8 |  944.4 |
       Dungeon |   7541 |   7358 |    183 |   1773 |   4086 |   7 | 1077.3 |
        Temple |     13 |      8 |      5 |      0 |      1 |   1 |   13.0 |
               +--------+--------+--------+--------+--------+-----+--------+

Top non-repeatable levels by time:
     D:6: 1552 daAuts
     D:4: 1393 daAuts
     D:5: 1386 daAuts
     D:2: 917 daAuts
     D:3: 838 daAuts
     D:1: 744 daAuts
     D:7: 708 daAuts
  Temple: 13 daAuts
